| TOP OF THE 1ST |
|
Trois-Riveres Aigles batting - Pitching for Hamilton Cardinals : LHP J.T. Ready
|
|
Pitching: LHP J.T. Ready
|
|
|
Batting: RHB Wan-ling Zhu
|
0-0: Swinging Strike 0-1: Ball 1-1: Ball 2-1: Foul Ball, location: 2F 2-2: Ball 3-2: Strikes out swinging
|
|
Batting: SHB Omar Cervantes
|
0-0: Ball 1-0: Called Strike 1-1: Swinging Strike 1-2: Ball 2-2: Foul Ball, location: 2F 2-2: Strikes out swinging
|
|
Batting: RHB Dave Galloway
|
0-0: Ball 1-0: Ball 2-0: Called Strike 2-1: Ball 3-1: Base on Balls
|
|
Batting: RHB Jason Penfield
|
0-0: Foul Ball, location: 2F 0-1: Foul Ball, location: 2F 0-2: Hit by Pitch Dave Galloway to second
|
|
Batting: SHB Luis Verduzco
|
0-0: Fly out, F8 (Flyball, 8RS, EV 91.9 MPH)
|
| Top of the 1st over - 0 runs, 0 hits, 0 errors, 2 left on base; Trois-Riveres 0 - Hamilton 0 |
| BOTTOM OF THE 1ST |
|
Hamilton Cardinals batting - Pitching for Trois-Riveres Aigles : RHP Jesus Valdivia
|
|
Pitching: RHP Jesus Valdivia
|
|
|
Batting: SHB Justin Towry
|
0-0: Called Strike 0-1: Ball 1-1: Ball 2-1: Ball 3-1: Base on Balls
|
|
Batting: LHB Ken Morehead
|
0-0: Ball Justin Towry is caught stealing 2nd base 2-6 1-0: Called Strike 1-1: Foul Ball, location: 2F 1-2: Ball 2-2: Ball 3-2: Base on Balls
|
|
Batting: RHB Sam Daw
|
0-0: Ball 1-0: Ball 2-0: Foul Ball, location: 2F 2-1: Fly out, F8 (Flyball, 8RXD, EV 103.1 MPH)
|
|
Batting: SHB Justin Houser
|
0-0: SINGLE (Line Drive, 6MD, EV 100.6 MPH) Ken Morehead to second
|
|
Batting: RHB McGwire Jones
|
0-0: Called Strike 0-1: Ball 1-1: Fly out, F7 (Flyball, 7S, EV 85.0 MPH)
|
| Bottom of the 1st over - 0 runs, 1 hit, 0 errors, 2 left on base; Trois-Riveres 0 - Hamilton 0 |
| TOP OF THE 2ND |
|
Trois-Riveres Aigles batting - Pitching for Hamilton Cardinals : LHP J.T. Ready
|
|
Batting: RHB Tim Dower
|
0-0: Ball 1-0: Ball 2-0: Ball 3-0: Foul Ball, location: 2F 3-1: Foul Ball, location: 2F 3-2: Strikes out swinging
|
|
Batting: RHB Bogumil Filipowski
|
0-0: Called Strike 0-1: Ball 1-1: Called Strike 1-2: Strikes out swinging
|
|
Batting: RHB Willie Acevedo
|
0-0: Ball 1-0: Ball 2-0: Fly out, F8 (Flyball, 8LS, EV 85.0 MPH)
|
| Top of the 2nd over - 0 runs, 0 hits, 0 errors, 0 left on base; Trois-Riveres 0 - Hamilton 0 |
| BOTTOM OF THE 2ND |
|
Hamilton Cardinals batting - Pitching for Trois-Riveres Aigles : RHP Jesus Valdivia
|
|
Batting: RHB Julio Sandoval
|
0-0: Foul Ball, location: 2F 0-1: Ball 1-1: Foul Ball, location: 2F 1-2: Ground out 4-3 (Groundball, 4, EV 81.2 MPH)
|
|
Batting: RHB Pablo Nunez
|
0-0: Called Strike 0-1: Foul Ball, location: 2F 0-2: Ball 1-2: SINGLE (Groundball, 6MD, EV 100.0 MPH)
|
|
Batting: SHB J.T. Ready
|
0-0: Called Strike 0-1: Swinging Strike 0-2: Strikes out swinging
|
|
Batting: RHB Diego Herrera
|
0-0: Ball Wild Pitch! Pablo Nunez to second 1-0: Foul Ball, location: 2F 1-1: Called Strike 1-2: Ball 2-2: Strikes out swinging
|
| Bottom of the 2nd over - 0 runs, 1 hit, 0 errors, 1 left on base; Trois-Riveres 0 - Hamilton 0 |
| TOP OF THE 3RD |
|
Trois-Riveres Aigles batting - Pitching for Hamilton Cardinals : LHP J.T. Ready
|
|
Batting: RHB Sandoval Serzedelo
|
0-0: Foul Ball, location: 2F 0-1: Swinging Strike 0-2: Ball 1-2: Foul Ball, location: 2F 1-2: Strikes out swinging
|
|
Batting: RHB Wan-ling Zhu
|
0-0: Ball 1-0: Foul Ball, location: 2F 1-1: Ball 2-1: Ball 3-1: Swinging Strike 3-2: Base on Balls
|
|
Batting: SHB Omar Cervantes
|
0-0: Ball 1-0: Called Strike 1-1: Called Strike 1-2: Ball 2-2: DOUBLE (Line Drive, 7LM, EV 105.0 MPH) Wan-ling Zhu to third
|
|
Batting: RHB Dave Galloway
|
0-0: Ball 1-0: Ball 2-0: Called Strike 2-1: Ball 3-1: Foul Ball, location: 2F 3-2: Base on Balls
|
|
Batting: RHB Jason Penfield
|
0-0: Ball 1-0: Ball 2-0: Called Strike 2-1: Swinging Strike 2-2: Ball 3-2: Base on Balls Wan-ling Zhu scores Omar Cervantes to third Dave Galloway to second
|
|
Pitching: LHP Sal Guzman
|
|
|
Batting: SHB Luis Verduzco
|
0-0: Ball 1-0: Ball 2-0: GRAND SLAM HOME RUN (Flyball, 78XD, EV 100.0 MPH), Distance : 412 ft
|
|
Batting: RHB Tim Dower
|
0-0: Called Strike 0-1: Ball 1-1: Called Strike 1-2: Ball 2-2: Fly out, F8 (Flyball, 8LD, EV 72.5 MPH)
|
|
Batting: RHB Bogumil Filipowski
|
0-0: Ground out 1-3 (Groundball, 13S, EV 70.6 MPH)
|
| Top of the 3rd over - 5 runs, 2 hits, 0 errors, 0 left on base; Trois-Riveres 5 - Hamilton 0 |
| BOTTOM OF THE 3RD |
|
Hamilton Cardinals batting - Pitching for Trois-Riveres Aigles : RHP Jesus Valdivia
|
|
Batting: SHB Justin Towry
|
0-0: Ball 1-0: SINGLE (Groundball, 25, EV 63.8 MPH) (infield hit)
|
|
Batting: LHB Ken Morehead
|
0-0: Ball 1-0: Ball 2-0: Ball 3-0: Swinging Strike 3-1: Swinging Strike 3-2: Base on Balls Justin Towry to second
|
|
Batting: RHB Sam Daw
|
0-0: Ball 1-0: Foul Ball, location: 2F 1-1: SINGLE (Line Drive, 9S, EV 101.9 MPH) Justin Towry to third Ken Morehead to second
|
|
Batting: SHB Justin Houser
|
0-0: Ball 1-0: Grounds into double play, 4-6-3 (Groundball, 4, EV 98.8 MPH) Justin Towry scores Ken Morehead to third
|
|
Batting: RHB McGwire Jones
|
0-0: Called Strike Balk! Ken Morehead scores 0-1: Ball 1-1: Swinging Strike 1-2: Foul Ball, location: 2F 1-2: DOUBLE (Flyball, 89D, EV 99.4 MPH)
|
|
Batting: RHB Julio Sandoval
|
0-0: Foul Ball, location: 2F 0-1: Ball 1-1: Ball 2-1: 2-RUN HOME RUN (Flyball, 7LD, EV 89.4 MPH), Distance : 333 ft
|
|
Batting: RHB Pablo Nunez
|
0-0: Ball 1-0: Fly out, F7 (Flyball, 7, EV 82.5 MPH)
|
| Bottom of the 3rd over - 4 runs, 4 hits, 0 errors, 0 left on base; Trois-Riveres 5 - Hamilton 4 |
| TOP OF THE 4TH |
|
Trois-Riveres Aigles batting - Pitching for Hamilton Cardinals : LHP Sal Guzman
|
|
Batting: RHB Willie Acevedo
|
0-0: Ball 1-0: Ball 2-0: Called Strike 2-1: Called Strike 2-2: Ground out 4-3 (Groundball, 4M, EV 93.8 MPH)
|
|
Batting: RHB Sandoval Serzedelo
|
0-0: Ball 1-0: Foul Ball, location: 2F 1-1: Ball 2-1: SINGLE (Groundball, 34D, EV 95.6 MPH)
|
|
Batting: RHB Wan-ling Zhu
|
0-0: Called Strike 0-1: Ball 1-1: Ball 2-1: SINGLE (Flyball, 56D, EV 96.2 MPH) Sandoval Serzedelo to second
|
|
Batting: SHB Omar Cervantes
|
0-0: Called Strike 0-1: Called Strike 0-2: Foul Ball, location: 2F 0-2: Foul Ball, location: 2F 0-2: Ball 1-2: Ball 2-2: Ball 3-2: Base on Balls Sandoval Serzedelo to third Wan-ling Zhu to second
|
|
Batting: RHB Dave Galloway
|
0-0: Fly out, F7 (Flyball, 78S, EV 90.6 MPH)
|
|
Batting: RHB Jason Penfield
|
0-0: SINGLE (Groundball, 6MD, EV 94.4 MPH) Sandoval Serzedelo scores Wan-ling Zhu to third Omar Cervantes to second Runner from 3rd tries for Home, throw by CF and OUT! 8-2
|
| Top of the 4th over - 1 run, 3 hits, 0 errors, 2 left on base; Trois-Riveres 6 - Hamilton 4 |
| BOTTOM OF THE 4TH |
|
Hamilton Cardinals batting - Pitching for Trois-Riveres Aigles : RHP Jesus Valdivia
|
|
Batting: SHB J.T. Ready
|
0-0: SOLO HOME RUN (Line Drive, 7D, EV 97.5 MPH), Distance : 375 ft
|
|
Pinch Hitting: RHB Joey Black
|
0-0: Swinging Strike 0-1: Ball 1-1: Foul Ball, location: 2F 1-2: Foul Ball, location: 2F 1-2: Foul Ball, location: 2F 1-2: Foul Ball, location: 2F 1-2: Ball 2-2: Strikes out swinging
|
|
Batting: SHB Justin Towry
|
0-0: Called Strike 0-1: Called Strike 0-2: Ball 1-2: Ball 2-2: Ball 3-2: Fly out, F9 (Flyball, 89S, EV 90.6 MPH)
|
|
Batting: LHB Ken Morehead
|
0-0: Ball 1-0: Called Strike 1-1: Foul Ball, location: 2F 1-2: Foul Ball, location: 2F 1-2: Ball 2-2: Ball 3-2: SOLO HOME RUN (Flyball, 7D, EV 95.0 MPH), Distance : 372 ft
|
|
Pitching: RHP Josh O'Neal
|
|
|
Batting: RHB Sam Daw
|
0-0: Ball 1-0: Swinging Strike 1-1: Ball 2-1: Called Strike 2-2: Strikes out swinging
|
| Bottom of the 4th over - 2 runs, 2 hits, 0 errors, 0 left on base; Trois-Riveres 6 - Hamilton 6 |
| TOP OF THE 5TH |
|
Trois-Riveres Aigles batting - Pitching for Hamilton Cardinals : LHP Sal Guzman
|
|
Now in CF: Sam Daw
|
|
|
Now in RF: Mike East
|
|
|
Batting: SHB Luis Verduzco
|
0-0: Ball 1-0: Ball 2-0: Ball 3-0: Called Strike 3-1: Called Strike 3-2: Base on Balls
|
|
Batting: RHB Tim Dower
|
0-0: Ball 1-0: Foul Ball, location: 2F 1-1: DOUBLE (Flyball, 8LXD, EV 109.4 MPH) Luis Verduzco to third
|
|
Batting: RHB Bogumil Filipowski
|
0-0: Ball 1-0: Foul Ball, location: 2F 1-1: Fly out, F8 (Flyball, 8LD, EV 99.4 MPH) Runner from 3rd tags up, SCORES, throw by CF Tim Dower to third
|
|
Batting: RHB Willie Acevedo
|
0-0: Called Strike 0-1: Foul Ball, location: 2F 0-2: Ball 1-2: Ball Wild Pitch! Tim Dower scores 2-2: SINGLE (Flyball, 9S, EV 87.5 MPH)
|
|
Batting: RHB Sandoval Serzedelo
|
0-0: Swinging Strike 0-1: Called Strike 0-2: Foul Ball, location: 2F 0-2: Ball 1-2: Ball 2-2: Fly out, F5 (Popup, 5SF, EV 86.2 MPH)
|
|
Batting: RHB Wan-ling Zhu
|
0-0: DOUBLE (Line Drive, 7LM, EV 108.1 MPH) Willie Acevedo to third Runner from 3rd tries for Home, SAFE, no throw by LF
|
|
Batting: SHB Omar Cervantes
|
0-0: Called Strike 0-1: Swinging Strike 0-2: Ball Balk! Wan-ling Zhu to third 1-2: Foul Ball, location: 2F 1-2: Foul Ball, location: 2F 1-2: Fly out, F9 (Flyball, 89S, EV 78.8 MPH)
|
| Top of the 5th over - 3 runs, 3 hits, 0 errors, 1 left on base; Trois-Riveres 9 - Hamilton 6 |
| BOTTOM OF THE 5TH |
|
Hamilton Cardinals batting - Pitching for Trois-Riveres Aigles : RHP Josh O'Neal
|
|
Batting: SHB Justin Houser
|
0-0: Ball 1-0: Ball 2-0: Foul Ball, location: 2F 2-1: Foul Ball, location: 2F 2-2: Ball 3-2: Base on Balls
|
|
Batting: RHB McGwire Jones
|
0-0: Ball 1-0: Called Strike 1-1: Foul Ball, location: 2F 1-2: Foul Ball, location: 2F 1-2: SINGLE (Groundball, 56, EV 101.9 MPH) (infield hit) Justin Houser to second
|
|
Batting: RHB Julio Sandoval
|
0-0: Ball 1-0: Ball 2-0: Called Strike 2-1: Ball 3-1: Foul Ball, location: 2F 3-2: Base on Balls Justin Houser to third McGwire Jones to second
|
|
Batting: RHB Pablo Nunez
|
0-0: Swinging Strike 0-1: Called Strike 0-2: Ball 1-2: Strikes out swinging
|
|
Batting: SHB J.T. Ready
|
0-0: Ball 1-0: Fly out, F7 (Line Drive, 7S, EV 95.6 MPH)
|
|
Batting: LHB Mike East
|
0-0: Foul Ball, location: 2F 0-1: SINGLE (Groundball, 6MD, EV 96.2 MPH) Justin Houser scores McGwire Jones to third Julio Sandoval to second Runner from 3rd tries for Home, SAFE, throw by CF to home
|
|
Batting: SHB Justin Towry
|
0-0: Swinging Strike 0-1: Ball 1-1: Foul Ball, location: 2F 1-2: Foul Ball, location: 2F 1-2: Strikes out looking
|
| Bottom of the 5th over - 2 runs, 2 hits, 0 errors, 2 left on base; Trois-Riveres 9 - Hamilton 8 |
| TOP OF THE 6TH |
|
Trois-Riveres Aigles batting - Pitching for Hamilton Cardinals : LHP Sal Guzman
|
|
Pitching: RHP Steve Hansen
|
|
|
Batting: RHB Dave Galloway
|
0-0: Fly out, F7 (Flyball, 7S, EV 96.2 MPH)
|
|
Batting: RHB Jason Penfield
|
0-0: Ground out 6-3 (Groundball, 6, EV 104.4 MPH)
|
|
Batting: SHB Luis Verduzco
|
0-0: Ball 1-0: Ball 2-0: Foul Ball, location: 2F 2-1: Called Strike 2-2: Foul Ball, location: 2F 2-2: SINGLE (Flyball, 9LS, EV 98.8 MPH)
|
|
Batting: RHB Tim Dower
|
0-0: Called Strike Luis Verduzco steals 2nd, throwing error, E2 Luis Verduzco to third 0-1: Ball 1-1: Ball 2-1: Fly out, F8 (Line Drive, 8RS, EV 93.1 MPH)
|
| Top of the 6th over - 0 runs, 1 hit, 1 error, 1 left on base; Trois-Riveres 9 - Hamilton 8 |
| BOTTOM OF THE 6TH |
|
Hamilton Cardinals batting - Pitching for Trois-Riveres Aigles : RHP Josh O'Neal
|
|
Batting: LHB Ken Morehead
|
0-0: Ball 1-0: Ball 2-0: Ball 3-0: Called Strike 3-1: Foul Ball, location: 2F 3-2: Foul Ball, location: 2F 3-2: Strikes out swinging
|
|
Batting: RHB Sam Daw
|
0-0: Called Strike 0-1: Swinging Strike 0-2: Ball 1-2: DOUBLE (Flyball, 8RXD, EV 88.1 MPH)
|
|
Batting: SHB Justin Houser
|
0-0: Ball 1-0: Ball 2-0: Ball 3-0: Base on Balls
|
|
Batting: RHB McGwire Jones
|
0-0: Foul Ball, location: 2F 0-1: Swinging Strike 0-2: Ball 1-2: Ball 2-2: Strikes out swinging
|
|
Pitching: RHP Matt Wicker
|
|
|
Batting: RHB Julio Sandoval
|
0-0: Called Strike 0-1: Called Strike 0-2: Foul Ball, location: 2F 0-2: Ground out 5-3 (Groundball, 5S, EV 78.8 MPH)
|
| Bottom of the 6th over - 0 runs, 1 hit, 0 errors, 2 left on base; Trois-Riveres 9 - Hamilton 8 |
| TOP OF THE 7TH |
|
Trois-Riveres Aigles batting - Pitching for Hamilton Cardinals : RHP Steve Hansen
|
|
Batting: RHB Bogumil Filipowski
|
0-0: Ground out 5-3 (Groundball, 56, EV 81.9 MPH)
|
|
Batting: RHB Willie Acevedo
|
0-0: Fly out, F8 (Flyball, 8RM, EV 86.2 MPH)
|
|
Batting: RHB Sandoval Serzedelo
|
0-0: Called Strike 0-1: SINGLE (Groundball, 4MD, EV 88.8 MPH) (infield hit)
|
|
Batting: RHB Wan-ling Zhu
|
0-0: Ball 1-0: Ball 2-0: Called Strike 2-1: Ball 3-1: Base on Balls Sandoval Serzedelo to second
|
|
Batting: SHB Omar Cervantes
|
0-0: Ball 1-0: Ball 2-0: Ball 3-0: Called Strike 3-1: Foul Ball, location: 2F 3-2: Foul Ball, location: 2F 3-2: Foul Ball, location: 2F 3-2: Fly out, F8 (Flyball, 8RD, EV 99.4 MPH)
|
| Top of the 7th over - 0 runs, 1 hit, 0 errors, 2 left on base; Trois-Riveres 9 - Hamilton 8 |
| BOTTOM OF THE 7TH |
|
Hamilton Cardinals batting - Pitching for Trois-Riveres Aigles : RHP Matt Wicker
|
|
Batting: RHB Pablo Nunez
|
0-0: Ball 1-0: Ground out U3 (Groundball, 34S, EV 83.8 MPH)
|
|
Batting: SHB J.T. Ready
|
0-0: Ball 1-0: Ball 2-0: Called Strike 2-1: Swinging Strike 2-2: Ground out 5-3 (Groundball, 5, EV 100.6 MPH)
|
|
Batting: LHB Mike East
|
0-0: Ball 1-0: Ball 2-0: Ball 3-0: Base on Balls
|
|
Batting: SHB Justin Towry
|
0-0: Called Strike Mike East steals 2nd base (no throw) 0-1: Ground out 6-3 (Groundball, 6M, EV 90.6 MPH)
|
| Bottom of the 7th over - 0 runs, 0 hits, 0 errors, 1 left on base; Trois-Riveres 9 - Hamilton 8 |
| TOP OF THE 8TH |
|
Trois-Riveres Aigles batting - Pitching for Hamilton Cardinals : RHP Steve Hansen
|
|
Batting: RHB Dave Galloway
|
0-0: Fly out, F7 (Flyball, 7D, EV 99.4 MPH)
|
|
Batting: RHB Jason Penfield
|
0-0: Ground out 6-3 (Groundball, 6, EV 91.9 MPH)
|
|
Batting: SHB Luis Verduzco
|
0-0: Ball 1-0: Fly out, F9 (Flyball, 89M, EV 82.5 MPH)
|
| Top of the 8th over - 0 runs, 0 hits, 0 errors, 0 left on base; Trois-Riveres 9 - Hamilton 8 |
| BOTTOM OF THE 8TH |
|
Hamilton Cardinals batting - Pitching for Trois-Riveres Aigles : RHP Matt Wicker
|
|
Batting: LHB Ken Morehead
|
0-0: Foul Ball, location: 2F 0-1: Called Strike 0-2: DOUBLE (Line Drive, 7LS, EV 107.5 MPH)
|
|
Batting: RHB Sam Daw
|
0-0: Swinging Strike 0-1: Swinging Strike 0-2: Ball 1-2: Strikes out swinging
|
|
Pitching: RHP Cortez Cruz
|
|
|
Batting: SHB Justin Houser
|
0-0: Called Strike 0-1: Ball 1-1: Swinging Strike 1-2: Strikes out looking
|
|
Batting: RHB McGwire Jones
|
0-0: Fly out, F7 (Flyball, 78S, EV 71.9 MPH)
|
| Bottom of the 8th over - 0 runs, 1 hit, 0 errors, 1 left on base; Trois-Riveres 9 - Hamilton 8 |
| TOP OF THE 9TH |
|
Trois-Riveres Aigles batting - Pitching for Hamilton Cardinals : RHP Steve Hansen
|
|
Pinch Hitting: LHB Ian Cranton
|
0-0: Ball 1-0: Called Strike 1-1: Swinging Strike 1-2: Ball 2-2: Ground out U3 (Groundball, 3, EV 101.2 MPH)
|
|
Pinch Hitting: RHB Joe Hartigan
|
0-0: Ball 1-0: Fly out, F7 (Flyball, 7LSF, EV 83.1 MPH)
|
|
Pinch Hitting: RHB Gabe Wilcoxon
|
0-0: Called Strike 0-1: Swinging Strike 0-2: Strikes out looking
|
| Top of the 9th over - 0 runs, 0 hits, 0 errors, 0 left on base; Trois-Riveres 9 - Hamilton 8 |
| BOTTOM OF THE 9TH |
|
Hamilton Cardinals batting - Pitching for Trois-Riveres Aigles : RHP Cortez Cruz
|
|
Pitching: LHP Matt Bayer
|
|
|
Now at 3B: Alex Koral
|
|
|
Now at SS: Ryan Holzwart
|
|
|
Now in CF: Sean Boenig
|
|
|
Batting: RHB Julio Sandoval
|
0-0: Foul Ball, location: 2F 0-1: Foul Ball, location: 2F 0-2: Foul Ball, location: 2F 0-2: Ball 1-2: Foul Ball, location: 2F 1-2: Foul Ball, location: 2F 1-2: Foul Ball, location: 2F 1-2: Strikes out swinging
|
|
Pinch Hitting: RHB Johnny Lowe
|
0-0: Ball 1-0: Foul Ball, location: 2F 1-1: Foul Ball, location: 2F 1-2: Fly out, F9 (Flyball, 9, EV 98.8 MPH)
|
|
Batting: RHB Chris Rouleau
|
0-0: Foul Ball, location: 2F 0-1: Ball 1-1: Ball 2-1: Foul Ball, location: 2F 2-2: Ball 3-2: Foul Ball, location: 2F 3-2: Strikes out swinging
|
| Bottom of the 9th over - 0 runs, 0 hits, 0 errors, 0 left on base; Trois-Riveres 9 - Hamilton 8 |
|